 Dungeon Crawl Stone Soup version 0.22-a0-348-gd16d139 (webtiles) character file.

2 GameOver the Sneak (level 1, -2/15 HPs)
             Began as a Naga Wizard on Apr 9, 2018.
             Slain by a kobold
             ... wielding a +0 short sword
              (7 damage)
             ... on level 1 of the Dungeon.
             The game lasted 00:01:13 (87 turns).

GameOver the Sneak (Naga Wizard)                      Turns: 87, Time: 00:01:14

Health: -2/15      AC:  2    Str:  9    XL:     1   Next: 30%
Magic:  0/4        EV: 10    Int: 18    God:
Gold:   0          SH:  0    Dex:  9    Spells: 5/6 levels left

rFire    . . .     SeeInvis +   (no weapon)
rCold    . . .     Gourm    .   (no shield)
rNeg     . . .     Faith    .   a - +0 robe
rPois    +         Spirit   .   e - +0 helmet
rElec    .         Reflect  .   (no cloak)
rCorr    .         Harm     .   (no gloves)
MR       .....                  (no barding)
Stlth    ++........             (no amulet)
HPRegen  0.05/turn              (no ring)
MPRegen  0.09/turn              (no ring)

@: short of breath, very slightly contaminated, very slow
A: large, see invisible, deformed body, poison resistance, slowness 2, slow
metabolism 1, spit poison 1, AC +0
a: Spit Poison


You were on level 1 of the Dungeon.
You were not hungry.

You visited 1 branch of the dungeon, and saw 1 of its levels.

Inventory:

Armour
 a - a +0 robe (worn)
 e - a +0 helmet (worn)
Scrolls
 c - a scroll of amnesia {unknown}
Comestibles
 d - a ration


   Skills:
 - Level 1.5 Dodging
 + Level 3.1 Stealth
 - Level 3.0 Spellcasting
 * Level 1.2 Conjurations
   Level 1.0 Summonings
   Level 1.0 Translocations


You had 5 spell levels left.
You knew the following spells:

 Your Spells              Type           Power        Failure   Level  Hunger
a - Magic Dart            Conj           #...         10%         1    None


Dungeon Overview and Level Annotations

Branches:
Dungeon (1/15)

Altars:


Innate Abilities, Weirdness & Mutations

You cannot wear boots.
Your serpentine skin is tough. (AC +0)
You have supernaturally acute eyesight. (SInv)
Armour fits poorly on your strangely shaped body.
Your system is resistant to poisons. (rPois)
You cover ground very slowly.
You have a slow metabolism.
You can spit poison.


Message History

The magic dart hits the leopard gecko.
The leopard gecko is heavily wounded.
The leopard gecko bites you.
Casting: Magic Dart (safe; 11% risk of failure)
Confirm with . or Enter, or press ? or * to list all spells.
Aiming: Magic Dart (safe; 11% risk of failure)
Press: ? - help, Shift-Dir - straight line, f/p - leopard gecko
Aim: a leopard gecko (heavily wounded, clinging)
You miscast Magic Dart.
You are very lightly contaminated with residual magic.
Nothing appears to happen.
The leopard gecko barely misses you. The leopard gecko bites you.
You have got your breath back.
A goblin comes into view. It is wielding a club.
Press: ? - help, Shift-Dir - straight line, f/p - leopard gecko
Aim: a leopard gecko (moderately wounded, clinging)
The splash of poison hits the leopard gecko.
You kill the leopard gecko!
You feel slightly more hungry. The kobold hits you with a short sword!
You die...

#. #.### #.#.. #.#.##
.## #.... ..... #...#
....# #..@# #.#.# #.K†#
#.#.# #...# #.#.# #..(#
#.#.#
#..(######.#.#######
#...[.............##
......#######.####.#.##
...##g# #.####.#.## .K
..# ..#........


You could see a goblin (wandering) and a kobold.

Vanquished Creatures
  A leopard gecko (D:1)
1 creature vanquished.

Notes
Turn   | Place    | Note
-------+----------+-------------------------------------------
     0 | D:1      | GameOver the Naga Wizard began the quest for the Orb.
     0 | D:1      | Reached XP level 1. HP: 15/15 MP: 4/4
    87 | D:1      | Slain by a kobold

Vault maps used:
D:1:      sevenhm_arrival_forest_fort_large_2, minmay_misc_feat_x

Action                   || total
-------------------------++-------
 Cast: Magic Dart        ||     4
 Abil: Spit Poison       ||     3
Armor: Robe              ||     3
Dodge: Dodged            ||     1

Table legend:
 A = Spawn XP
 B = Non-spawn XP
 C = Spawn XP percentage of total XP
 D = Spawn monster count
 E = Non-spawn monster count
 F = Spawn count percentage of total count
 G = Total turns spent on level
                    A         B        C        D         E        F      G
               +---------+---------+-------+---------+---------+-------+---------
         Total |       0 |       3 |   0.0 |       0 |       1 |   0.0 |    87
               +---------+---------+-------+---------+---------+-------+---------
           D:1 |       0 |       3 |   0.0 |       0 |       1 |   0.0 |    87
               +---------+---------+-------+---------+---------+-------+---------
